Map: Eternal Empire LE

Players

RyuKey - Winner!

  • Race: Terran Terran
  • League: Diamond
  • Spawn Location: 7:00

Eric

  • Race: Terran Terran
  • League: Diamond
  • Spawn Location: 1:00

VOD

Have the link to the VOD?

Description

Time

  • Played on: June 21, 2020, 10:53 a.m.
  • Length: 11:30
Show
View Real Time Build Order
Export as new Build Order

RyuKey Terran - Winner!

Build Orders: Reaper Expand 

Get SALT Encoding   

  12  0:01  SCV  
  13  0:13  SCV  
  14  0:18  Supply Depot  
  14  0:25  SCV  
  15  0:39  SCV  
  15  0:40  Barracks  
  16  0:44  Refinery  
  16  0:51  SCV  
  17  1:03  SCV  
  18  1:16  SCV  
  19  1:28  Reaper, Orbital Command  
  20  1:41  Command Center  
  20  1:53  Supply Depot  
  21  1:54  SCV  
  21  2:06  SCV  
  22  2:15  Factory  
  22  2:17  Refinery  
  22  2:18  SCV  
  23  2:25  Reaper  
  24  2:30  Supply Depot  
  24  2:32  SCV  
  24  2:44  SCV  
  25  2:58  Reaper  
  25  2:59  Hellion  
  27  3:07  Starport  
  27  3:08  Orbital Command  
  27  3:09  SCV  
  28  3:13  Supply Depot  
  28  3:22  SCV  
  28  3:25  Hellion  
  31  3:34  SCV  
  33  3:41  SCV  
  33  3:43  Reaper  
  33  3:46  Hellion  
  36  3:50  SCV  
  36  3:51  Medivac  
  38  3:57  SCV  
  38  4:01  Supply Depot  
  38  4:02  SCV  
  40  4:07  Hellion  
  40  4:09  SCV  
  44  4:18  Barracks, SCV  
  44  4:19  Barracks  
  44  4:21  SCV  
  45  4:29  Barracks Reactor  
  45  4:30  SCV  
  46  4:36  SCV, Factory Tech Lab  
  46  4:37  Starport Reactor  
  46  4:38  Viking  
  49  4:41  Supply Depot  
  49  4:42  SCV  
  50  4:48  SCV  
  51  4:55  SCV  
  43  5:34  SCV x2  
  43  5:35  Marine x3  
  47  5:36  Siege Tank  
  50  5:46  SCV  
  50  5:49  SCV  
  52  5:50  Barracks Tech Lab  
  52  5:52  Marine  
  52  5:53  Marine x2, Barracks  
  52  5:54  Barracks  
  52  5:56  Engineering Bay, Starport Reactor  
  53  5:58  Command Center, Engineering Bay  
  53  5:59  SCV  
  53  6:01  SCV  
  53  6:02  Refinery x2  
  55  6:10  Marine x2, Siege Tank  
  60  6:11  SCV, Stimpack  
  60  6:12  Barracks Reactor  
  60  6:14  Marine  
  60  6:16  SCV  
  63  6:23  SCV  
  64  6:28  Marine x2  
  64  6:31  Missile Turret  
  64  6:32  Terran Infantry Armor Level 1, Terran Infantry Weapons Level 1  
  66  6:37  Marine  
  67  6:42  Siege Tank  
  67  6:45  SCV x2  
  67  6:46  Marine x2, Missile Turret  
  74  6:51  Missile Turret, Barracks Reactor  
  74  6:52  Barracks Reactor  
  74  6:54  Barracks  
  74  6:55  Marine  
  74  6:56  Marine x2, Barracks  
  77  7:04  Marine  
  78  7:09  Marine, SCV, Sensor Tower  
  78  7:12  Marine  
  78  7:14  Supply Depot x2  
  81  7:16  Supply Depot  
  81  7:23  SCV  
  81  7:24  SCV  
  84  7:30  Marine  
  84  7:31  Marine x8  
  84  7:34  Sensor Tower, Orbital Command  
  84  7:35  Siege Tank  
  95  7:41  Medivac  
  95  7:44  Medivac  
  99  7:48  Marine  
  99  7:51  Combat Shield, Marine x5  
  100  7:53  Barracks Reactor  
  100  7:56  Orbital Command  
  105  8:01  Supply Depot  
  105  8:02  Supply Depot  
  105  8:08  Marine x5  
  105  8:11  Medivac  
  112  8:15  Medivac  
  112  8:19  Marine x3  
  115  8:22  Marine  
  117  8:27  Armory  
  117  8:30  Supply Depot  
  117  8:32  Marine x4  
  121  8:40  Marine x5  
  124  8:50  Siege Tank  
  124  8:52  Marine x2  
  112  9:22  Siege Tank  
  108  9:27  Marine x12  
  120  9:45  Marine  
  112  9:49  Marine x8  
  112  9:50  Marine x3  
  113  9:54  Siege Tank  
  113  9:58  Medivac x2  
  120  10:02  Marine  
  121  10:07  Marine x5  
  124  10:31  Marine  
  124  10:32  Marine  
  126  10:40  Marine, Siege Tank  
  126  10:53  Supply Depot  
  126  10:54  Marine x2  
  126  10:57  Marine  
  126  10:58  Marine x2  
  126  11:07  Marine  
Show
View Real Time Build Order
Export as new Build Order

Eric Terran 

Build Orders:  

Get SALT Encoding   

  12  0:01  SCV  
  13  0:13  SCV  
  14  0:17  Supply Depot  
  14  0:25  SCV  
  15  0:28  Refinery  
  15  0:39  SCV  
  16  0:46  Barracks  
  16  0:51  SCV  
  17  1:03  SCV  
  18  1:15  SCV  
  19  1:32  Barracks Reactor  
  19  1:33  Orbital Command  
  19  1:48  Command Center  
  19  1:57  Supply Depot  
  19  2:04  SCV  
  20  2:08  Marine  
  20  2:09  Marine  
  22  2:16  SCV  
  23  2:26  Marine x2  
  23  2:27  Bunker  
  25  2:35  SCV  
  26  2:44  Marine x2  
  26  3:02  Marine x2  
  26  3:05  SCV  
  29  3:08  Factory  
  29  3:12  Barracks, Orbital Command  
  29  3:19  Refinery  
  29  3:25  SCV  
  30  3:37  SCV  
  30  3:41  Marine x2  
  32  3:52  SCV  
  32  3:53  SCV  
  34  3:59  Factory Tech Lab  
  34  4:00  Barracks Tech Lab  
  34  4:04  SCV  
  34  4:07  SCV, Starport  
  36  4:16  SCV  
  37  4:19  SCV  
  37  4:20  Supply Depot  
  37  4:23  Stimpack  
  38  4:28  SCV, Siege Tank  
  38  4:31  SCV  
  43  4:39  Marine x3  
  43  4:42  Supply Depot  
  43  4:43  SCV  
  47  4:47  SCV  
  47  4:50  Viking  
  50  4:55  SCV  
  50  4:57  Marine x2  
  50  4:59  SCV  
  54  5:05  Supply Depot  
  48  5:24  Marine  
  47  5:37  SCV x2  
  47  5:40  Siege Tank  
  52  5:49  SCV x2  
  53  5:56  Refinery  
  53  5:57  Refinery  
  53  6:00  Marine x2, Marauder  
  53  6:01  SCV x2  
  59  6:13  SCV x2  
  59  6:15  Starport Reactor  
  61  6:28  Combat Shield  
  61  6:32  SCV x2  
  63  6:33  Marine x3  
  66  6:44  SCV x2, Command Center  
  68  6:51  Marine x2  
  70  6:55  Supply Depot  
  70  6:56  Supply Depot  
  70  6:58  Supply Depot  
  70  7:00  Supply Depot  
  70  7:12  Engineering Bay  
  70  7:17  Medivac x2, Barracks, SCV x2  
  70  7:19  Siege Tank  
  70  7:22  Marine x2  
  80  7:23  Marine  
  80  7:29  SCV x2  
  84  7:40  Marine x2, Terran Infantry Weapons Level 1  
  84  7:41  SCV  
  84  7:42  Marine  
  84  7:43  SCV  
  89  7:53  SCV  
  89  7:58  Marine  
  91  7:59  Siege Tank  
  94  8:12  Marine x3  
  95  8:14  SCV x2  
  95  8:16  Marine, Viking  
  95  8:17  Viking  
  95  8:19  Orbital Command  
  104  8:26  SCV  
  105  8:28  SCV  
  105  8:30  Marine  
  107  8:36  Marine x2  
  107  8:38  SCV  
  107  8:40  Marine, SCV  
  112  8:48  Marine  
  112  8:50  Siege Tank  
  112  8:53  Marine  
  112  8:54  Marine  
  117  8:58  Marine  
  116  9:06  Marine  
  117  9:12  Marine  
  117  9:13  Marine  
  106  9:19  Marine  
  106  9:22  Siege Tank  
  106  9:23  Marine  
  104  9:30  Marine  
  104  9:31  Marine  
  105  9:37  Marine  
  107  9:41  Marine  
  107  9:43  SCV x2  
  91  9:48  Marine, SCV  
  91  9:49  Marine  
  92  9:54  Concussive Shells, Siege Tank  
  92  9:55  SCV x2  
  92  9:56  Marauder, Barracks x3  
  92  9:58  Factory  
  92  9:59  Marine  
  99  10:00  SCV  
  99  10:05  Marine  
  99  10:07  Marine, SCV x2  
  101  10:12  SCV  
  100  10:17  Marine x2  
  100  10:19  SCV  
  100  10:20  SCV  
  101  10:22  Viking x2  
  101  10:23  Marine  
  101  10:24  Marine  
  101  10:26  Siege Tank  
  101  10:27  Supply Depot  
  107  10:29  Supply Depot  
  107  10:33  Supply Depot  
  107  10:34  Marine  
  93  10:44  Marine x4  
  93  10:45  Marine x2  
  98  10:52  Marine, Viking x2  
  102  10:59  SCV x2  
  102  11:02  Marine x3  
  102  11:05  Marine  
  102  11:06  Marine x2  
  102  11:10  Marine  
Tags
 
Add a new tag
Caveats
  • Supply blocks, unpowered buildings, or Contaminate may cause inaccurate times.
  • Supply counts are checked every 10 seconds.